 Dungeon Crawl Stone Soup version 0.30-b1-2-g02819fbbbe (webtiles) character file.

Game seed: 5727227654500528803

68 Alarkh the Trooper (level 4, 37/37 HPs)
             Began as a Demonspawn Artificer on Nov 26, 2023.
             Got out of the dungeon alive.
             The game lasted 00:01:20 (1874 turns).

Alarkh the Trooper (Demonspawn Artificer)           Turns: 1874, Time: 00:01:20

Health: 37/37      AC:  3    Str: 12    XL:     4   Next: 1%
Magic:  4/4        EV: 11    Int: 14    God:
Gold:   100        SH:  0    Dex: 14    Spells: 3/3 levels left

rFire   . . .        a - +0 dagger
rCold   . . .        (no shield)
rNeg    . . .        b - +0 leather armour
rPois   .            (no helmet)
rElec   .            (no cloak)
rCorr   .            (no gloves)
SInv    .            (no boots)
Will    .....        (no amulet)
Stlth   +            (no ring)
HPRegen 0.26/turn    (no ring)
MPRegen 0.18/turn

%: no passive effects
@: no status effects
A: powered by pain 1, magic regeneration
a: no special abilities


You escaped.
You visited 1 branch of the dungeon, and saw 2 of its levels.

You collected 100 gold pieces.

Inventory:

Hand Weapons
 a - a +0 dagger (weapon)
Armour
 b - a +0 leather armour (worn)
Wands
 c - a wand of flame (7) (quivered)
 d - a wand of charming (15)
 e - a wand of iceblast (5)
Scrolls
 f - 2 scrolls of noise {unknown}
 h - a scroll of torment {unknown}
 j - 2 scrolls of blinking {unknown}
 k - a scroll of teleportation {unknown}
 m - a scroll of enchant armour {unknown}
 n - a scroll of enchant weapon {unknown}
 o - 3 scrolls of identify {unknown}
 q - a scroll of magic mapping {unknown}
Potions
 g - a potion of resistance {unknown}
 i - a potion of cancellation {unknown}
 l - 2 potions of curing {unknown}
 p - a potion of might {unknown}


   Skills:
 + Level 3.9 Fighting
 - Level 1.7 Armour
 - Level 0.8 Dodging
 - Level 0.8 Stealth
 - Level 3.0 Evocations


You had 3 spell levels left.
You didn't know any spells.
Your spell library contained the following spells:

 Spells                   Type           Power      Damage    Failure   Level
 Blink                    Tloc           0%         N/A       50%         2
 Lesser Beckoning         Tloc           0%         N/A       50%         2
 Momentum Strike          Conj/Tloc      0%         3d8       50%         2
 Vhi's Electric Charge    Tloc/Air       0%         N/A       73%         3
 Arcjolt                  Conj/Air       0%         1d10      100%        5
 Maxwell's Capacitive Co  Air            0%         ∞         100%        8


Dungeon Overview and Level Annotations

Branches:
Dungeon (2/15)

Altars:


Innate Abilities, Weirdness & Mutations

You sometimes gain a little power by taking damage.
You regenerate magic rapidly.


Message History

You barely miss the adder. Your punch misses the adder.
The adder is almost dead.
The adder bites you. The adder closely misses you.
You hit the adder.
The adder is almost dead.
The adder closely misses you.
You miss the adder.
The adder is almost dead.
The adder completely misses you.
You completely miss the adder.
The adder is almost dead.
The adder bites you but does no damage. The adder barely misses you.
You hit the adder.
You kill the adder!
You have reached level 4!
You feel agile.
Your demonic ancestry asserts itself...
Your magic begins to regenerate rapidly.
You now have 92 gold pieces (gained 5).
You see here a +0 robe.
l - 2 bubbling amethyst potions (gained 1)
You now have 100 gold pieces (gained 8).
You see here a hobgoblin skeleton.
There is a stone staircase leading up here.
Things that are here:
2 stones; a +0 club; a bat skeleton You see here a +0 flail.
You see here a +0 flail.
q - a scroll labelled MANTEPH ONIE
(D) Dungeon
Where to? (? - help)
What level of the Dungeon? (default 1, ? - help)
There is a stone staircase leading up here.
You climb upwards.
There is a stone staircase leading down here.
There is an open door here.
You open the door.
There is an open door here.
There is a staircase leading out of the dungeon here.
Are you sure you want to leave the Dungeon?
This will make you lose the game!
You have escaped!

...## #...##♣~~P♣♣P~P♣♣P~~♣#.#...
..## ##.##♣♣~~~♣♣~~~♣♣~~~♣#.##..
.## #.# ♣..^.♣♣.^..♣.^.♣#.###. ##
### ♣PP..♣♣...P♣..P♣#.# ## #
♣♣♣♣♣♣♣.♣♣♣♣.♣♣♣♣.♣♣#.# # #
♣♣P~.P♣.......P♣♣P.♣ #.# # ##
♣8~~^..........♣♣..###.# ## .##
♣♣~~.P♣.......PP.......###.
..#### ♣♣♣♣♣♣...@............##..
.....#♣♣P~.P♣........P...........
######♣8~~^..........♣♣P.###..###
# ♣♣P~.P♣........♣♣..♣ #### # #
♣♣♣♣♣♣♣.♣♣♣♣.♣♣♣♣.♣♣ # #
♣PP..♣♣...P♣P..♣ # #
♣..^.♣♣.^..♣.^.♣ # #
♣♣~~~♣♣~~~♣♣~~~♣ ### #
♣P~~♣♣P~~♣♣~~P♣ #..


There were no monsters in sight!

Vanquished Creatures
  4 adders (D:2)
  3 dart slugs (D:1)
  3 ball pythons
  2 bats
  An endoplasm (D:1)
  5 goblins
  4 hobgoblins
  2 kobolds
  A frilled lizard (D:1)
  3 rats (D:1)
28 creatures vanquished.

Notes
Turn   | Place    | Note
-------+----------+-------------------------------------------
     0 | D:1      | Alarkh the Demonspawn Artificer began the quest for the
                  | Orb.
     0 | D:1      | Reached XP level 1. HP: 15/15 MP: 1/1
   285 | D:1      | Gained mutation: You sometimes gain a little power by
                  | taking damage. [demonic ancestry]
   285 | D:1      | Reached XP level 2. HP: 15/22 MP: 2/2
  1038 | D:2      | Reached XP level 3. HP: 18/29 MP: 3/3
  1594 | D:2      | Gained mutation: You regenerate magic rapidly. [demonic
                  | ancestry]
  1594 | D:2      | Reached XP level 4. HP: 36/37 MP: 4/4
  1874 | D:$      | Got out of the dungeon alive.

Illustrated notes

Levels and vault maps discovered:
D:1:      psy_arrival_wood_between_worlds, layout_loops_corners,
          kennysheep_doodads
D:2:      layout_rooms

Skill      XL: |  1  2 |
---------------+-------+-----
Fighting       | 2 3 |  3.9
Armour         | |  1.7
Dodging        | |  0.8
Stealth        | |  0.8
Evocations     | |  3.0

Action                     |  1- 3 |  4- 6 || total
---------------------------+-------+-------++-------
  Melee: Club              |    41 |       ||    41
         Dagger            |    99 |       ||    99
         Punch             |     1 |       ||     1
  Evoke: Wand              |     8 |       ||     8
   Stab: Sleeping          |     1 |       ||     1
 Armour: Leather armour    |    35 |       ||    35
  Dodge: Dodged            |    76 |       ||    76
